[Event "Early-Titled-Tuesday-Blitz-May-28-2024"]
[Site "Chess.com"]
[Date "2024.05.28"]
[Round "10"]
[White "FLYD"]
[Black "carloseduar100"]
[Result "1-0"]
[WhiteElo "2092"]
[BlackElo "2291"]
[TimeControl "180+1"]
[EndTime "9:56:30 PDT"]
[Termination "FLYD won by checkmate"]

1. e4 e6 2. d4 d5 3. Nc3 Nf6 4.
Bg5 Be7 5. e5 Nfd7 6. h4 Bxg5 7.
hxg5 Qxg5 8. Nh3 Qh4 9. g3 Qe7 10. Nf4 a6 11. Qg4 g6 12. O-O-O Nc6 13. Bd3 Nb6 14. Rh6 Bd7 15. Rdh1 O-O-O 16. Rxh7 Rxh7 17. Rxh7 Nb4 18. Be2 Rg8 19. a3 Nc6 20. Nh5 Qd8 21. Nf6 Rh8 22. Rxf7 Rh1+ 23. Bd1 Qh8 24. Qxg6 Nd8 25.
Rg7 Bb5 26. Rg8 Qh3 27. Nxb5 axb5 28. Rxd8+ Kxd8 29. Qe8# 1-0

[Event "Early-Titled-Tuesday-Blitz-May-28-2024"]
[Site "Chess.com"]
[Date "2024.05.28"]
[Round "10"]
[White "GianmarcoVaR"]
[Black "Blitz_Lover1"]
[Result "0-1"]
[WhiteElo "2700"]
[BlackElo "2567"]
[TimeControl "180+1"]
[EndTime "9:56:31 PDT"]
[Termination "Blitz_Lover1 won by resignation"]

1. e4 c5 2. Nf3 Nc6 3. d4 cxd4 4. Nxd4 Nf6 5. Nc3 d6 6. Bc4 Bd7 7. Bb3 e6 8. Be3 Na5 9. f4 Rc8 10. Qe2 Rxc3 11. bxc3 Nxe4 12. O-O d5 13. f5 e5 14.
Nf3 Bd6 15. Bd4 Nxb3 16. Bxe5 Bc5+ 17. Kh1 Nxa1 18. Bxg7 Rg8 19. c4 Rxg7 20. cxd5 Rg4 21. Nd2 Qh4 22. Re1 Qxh2+ 0-1

[Event "Early-Titled-Tuesday-Blitz-May-28-2024"]
[Site "Chess.com"]
[Date "2024.05.28"]
[Round "10"]
[White "Qvalda"]
[Black "lefonghua"]
[Result "0-1"]
[WhiteElo "2404"]
[BlackElo "2553"]
[TimeControl "180+1"]
[EndTime "9:56:31 PDT"]
[Termination "lefonghua won by checkmate"]

1. d4 Nf6 2. c4 c5 3. d5 e6 4. Nc3 exd5 5. cxd5 d6 6. Nf3 g6 7. h3 Bg7 8. Bf4 a6 9. a4 O-O 10. e3 Qe7 11. Be2 Ne8 12. O-O Nd7 13. a5 Rb8 14. Nd2 Nc7 15. Qb3 b5 16. axb6 Rxb6 17.
Qa2 Rb4 18. Nc4 Ne5 19. Na5 Bd7 20. Bg3 Rfb8 21. Rfb1 f5 22. Nc6 Nxc6 23. dxc6+ Be6 24. Qa3 Rb3 25. Qa5 Bxc3 26. bxc3 Rxb1+ 27. Rxb1 Rxb1+ 28. Kh2 Bd5 29. c4 Bxc6 30. Bf4 Rb2 31. Bd1 Rxf2 32. Kg1 Rxg2+ 33. Kf1 g5 34. e4 Qxe4 35. Qxc7 Qxf4+ 36. Ke1 Qf2# 0-1

[Event "Early-Titled-Tuesday-Blitz-May-28-2024"]
[Site "Chess.com"]
[Date "2024.05.28"]
[Round "10"]
[White "Barmen_EV"]
[Black "frenchpin"]
[Result "1-0"]
[WhiteElo "2542"]
[BlackElo "2385"]
[TimeControl "180+1"]
[EndTime "9:56:32 PDT"]
[Termination "Barmen_EV won by resignation"]

1. e4 e5 2. Nf3 Nf6 3. Nc3 Nc6 4. Bb5 Bd6 5. O-O O-O 6. Bxc6 dxc6 7. d3 Bg4 8. h3 Bh5 9. Kh2 h6 10. g4 Bg6 11. Ne2 Nh7 12. Ng3 Ng5 13. Bxg5 hxg5 14. Nf5 Re8 15. Kg2 Bf8 16. Rh1 Bxf5 17. gxf5 Qf6 18.
Nh2 Qh6 19. Ng4 Qh4 20. Qf3 f6 21. Qg3 Qxg3+ 22. fxg3 Kf7 23. h4 gxh4 24. Rxh4 Bc5 25. Rah1 Rg8 26. Rh7 Ke7 27. Nh6 Rgf8 28. Rxg7+ Kd8 29.
Nf7+ Kc8 30. Rhh7 Bb6 31. g4 a5 32. a4 Kb8 33. g5 fxg5 34. Nxg5 Ka7 35. Ne6 Rg8 36. f6 Rae8 37. f7 Rxg7+ 38. Rxg7 Rxe6 39. f8=Q Rg6+ 40. Rxg6 1-0

[Event "Early-Titled-Tuesday-Blitz-May-28-2024"]
[Site "Chess.com"]
[Date "2024.05.28"]
[Round "10"]
[White "ChessSwole"]
[Black "VacheH009"]
[Result "1-0"]
[WhiteElo "2695"]
[BlackElo "2550"]
[TimeControl "180+1"]
[EndTime "9:56:33 PDT"]
[Termination "ChessSwole won by checkmate"]

1. Nf3 Nf6 2. g3 e6 3. Bg2 d5 4.
O-O Be7 5. c4 O-O 6. d4 dxc4 7.
Qc2 a6 8. a4 Bd7 9. Rd1 Bc6 10.
Nc3 Bxf3 11. Bxf3 Nc6 12. Bxc6 bxc6 13. a5 Bb4 14. Ra4 Bxc3 15. Qxc3 Qd5 16. Rxc4 Rab8 17. f3 Rfd8 18. Bf4 Qb5 19. e4 Rd7 20. Rd2 Ne8 21. Rxc6 Qa4 22. Rc4 Qa1+ 23. Kg2 f6 24. Rc6 e5 25.
Be3 exd4 26. Bxd4 Kh8 27. Qc5 Qa4 28. Qf8# 1-0

[Event "Early-Titled-Tuesday-Blitz-May-28-2024"]
[Site "Chess.com"]
[Date "2024.05.28"]
[Round "10"]
[White "gabduschew"]
[Black "LileKoridze"]
[Result "1-0"]
[WhiteElo "2328"]
[BlackElo "2428"]
[TimeControl "180+1"]
[EndTime "9:56:42 PDT"]
[Termination "gabduschew won by checkmate"]

1. e4 b5 2. Bxb5 Bb7 3. d3 e6 4. Nf3 Bc5 5. c3 Nf6 6. O-O O-O 7. d4 Bb6 8. e5 Nd5 9. c4 Ne7 10. c5 Ba5 11. a3 c6 12. Bd3 Ba6 13. Bxa6 Nxa6 14.
b4 Bc7 15. Qd3 Nb8 16. Nc3 a5 17. Bg5 h6 18. Bh4 Qe8 19. Bxe7 Qxe7 20. b5 cxb5 21.
Nxb5 Bd8 22. a4 Nc6 23. Nd6 f5 24. Rab1 Nb4 25. Qc4 Bc7 26. Nb5 Bd8 27. Rfd1 g5 28. Ne1 g4 29. Nd3 Nd5 30. Nc3 Nc7 31. Rb7 f4 32. d5 exd5 33. Nxd5 Qf7 34. N3xf4 Ne6 35. Nxe6 Qxf2+ 36. Kh1 dxe6 37. Qxg4+ Bg5 38. h4 exd5 39. hxg5 Rf4 40. Qe6+ Kh8 41. Qxh6+ Kg8 42. Qg7# 1-0

[Event "Early-Titled-Tuesday-Blitz-May-28-2024"]
[Site "Chess.com"]
[Date "2024.05.28"]
[Round "10"]
[White "NikitaShnadrygin"]
[Black "rollercoaster29"]
[Result "1-0"]
[WhiteElo "2765"]
[BlackElo "2540"]
[TimeControl "180+1"]
[EndTime "9:56:46 PDT"]
[Termination "NikitaShnadrygin won by checkmate"]

1. e4 e5 2. Nf3 Nc6 3. c3 d5 4. Qa4 dxe4 5. Nxe5 Bd7 6. Nxd7 Qxd7 7. Qxe4+ Be7 8. d4 Nf6 9. Qf3 O-O 10. Be3 Rfe8 11. Nd2 Nd5 12. Bc4 Nxe3 13. fxe3 Bg5 14. e4 Bxd2+ 15. Kxd2 Ne5 16. Qe2 Nxc4+ 17. Qxc4 Rxe4 18. Rae1 Rae8 19. Rxe4 Rxe4 20. Re1 Rxe1 21. Kxe1 g6 22.
Qc5 b6 23. Qe5 Qe6 24. Qxe6 fxe6 25. Ke2 Kf7 26. Ke3 Kf6 27. Ke4 c6 28. c4 g5 29. g4 h6 30. d5 exd5+ 31. cxd5 c5 32. a4 a6 33. h3 b5 34. axb5 axb5 35. b3 c4 36. bxc4 bxc4 37. Kd4 c3 38. Kxc3 Ke5 39.
Kc4 Kf4 40. d6 Kg3 41. d7 Kxh3 42. d8=Q Kxg4 43. Kd3 h5 44. Ke2 Kh3 45. Kf2 g4 46. Qg5 h4 47. Kg1 g3 48. Qf5# 1-0

[Event "Early-Titled-Tuesday-Blitz-May-28-2024"]
[Site "Chess.com"]
[Date "2024.05.28"]
[Round "10"]
[White "MarlonJodar"]
[Black "simaopdias"]
[Result "0-1"]
[WhiteElo "2303"]
[BlackElo "2257"]
[TimeControl "180+1"]
[EndTime "9:56:47 PDT"]
[Termination "simaopdias won on time"]

1. e4 c5 2. Nf3 g6 3. d4 cxd4 4. Nxd4 Bg7 5. Nc3 Nc6 6. Be3 Nf6 7. Bc4 Qa5 8. O-O O-O 9. Bb3 d6 10. h3 Bd7 11. Qd2 Rfe8 12. Rad1 Nxd4 13. Bxd4 Bc6 14. Rfe1 Nd7 15. Bxg7 Kxg7 16. f4 Rac8 17. Kh1 Kg8 18.
Rf1 Nc5 19. f5 Nxb3 20. axb3 b5 21. f6 b4 22. Nd5 Bxd5 23. exd5 exf6 24. Rxf6 Re5 25.
Rxd6 Qc5 26. Rf6 Qxc2 27. Qxc2 Rxc2 28. d6 Re8 29. d7 Rd8 30. Ra6 Rc7 31. Rad6 Kf8 32.
R6d4 Rb7 33. Kg1 Ke7 34. Re1+ Kf8 35. Red1 Rb6 36. Kf2 a5 37. Rd5 Ra6 38. Ra1 Ke7 39.
Re1+ Re6 40. Rxa5 Rxd7 0-1

[Event "Early-Titled-Tuesday-Blitz-May-28-2024"]
[Site "Chess.com"]
[Date "2024.05.28"]
[Round "10"]
[White "lachesisQ"]
[Black "francyIM"]
[Result "0-1"]
[WhiteElo "3067"]
[BlackElo "2828"]
[TimeControl "180+1"]
[EndTime "9:56:49 PDT"]
[Termination "francyIM won on time"]

1. e4 e6 2. d4 d5 3. Nc3 Nf6 4. e5 Nfd7 5. f4 c5 6. dxc5 Nc6 7. a3 Bxc5 8. Qg4 O-O 9. Bd3 f5 10. Qh3 Qb6 11. Nf3 Nd4 12. Rf1 Nxf3+ 13. Rxf3 Be7 14. Qg3 Nc5 15. Qf2 Ne4 16. Qxb6 axb6 17. Nb5 Bd7 18. Nd4 Nc5 19. Bd2 Ra4 20. c3 Nxd3+ 21. Rxd3 b5 22. Rd1 h6 23. Be3 Kh7 24. h3 g5 25.
Kf2 Rg8 26. Rh1 Raa8 27. g4 fxg4 28. hxg4 gxf4 29. Bxf4 Raf8 30. Rf3 Rg6 0-1

[Event "Early-Titled-Tuesday-Blitz-May-28-2024"]
[Site "Chess.com"]
[Date "2024.05.28"]
[Round "10"]
[White "Aswathchess"]
[Black "the_chess_child"]
[Result "1-0"]
[WhiteElo "2749"]
[BlackElo "2883"]
[TimeControl "180+1"]
[EndTime "9:56:50 PDT"]
[Termination "Aswathchess won by resignation"]

1. d4 Nf6 2. c4 g6 3. Nf3 Bg7 4. g3 O-O 5. Bg2 d6 6. O-O c5 7. Nc3 Nc6 8. dxc5 dxc5 9. Bf4 Nh5 10. Be3 b6 11. Qc1 Bb7 12. Rd1 Qc8 13. Bh6 Rd8 14. Bxg7 Kxg7 15. Qe3 Nf6 16. Nd5 Nxd5 17. cxd5 Nb4 18.
Qe5+ Kg8 19. e4 Qd7 20. h4 h5 21. Qf4 Qg4 22. Qh6 f6 23. a3 Nc2 24. Rac1 Nd4 25. Nxd4 cxd4 26. Kh2 Rd6 27. f3 Qd7 28. Qxg6+ Kf8 29. Qxh5 Qe8 30. Qh6+ Kg8 31. Bh3 Bc8 32.
Rxd4 Bxh3 33. Kxh3 Rad8 34. Rdc4 Qf7 35. Rc8 e6 36. R1c7 Rd7 37. Rxd8+ 1-0

[Event "Early-Titled-Tuesday-Blitz-May-28-2024"]
[Site "Chess.com"]
[Date "2024.05.28"]
[Round "10"]
[White "Viacheslav92"]
[Black "AlexandraSamaganova"]
[Result "1-0"]
[WhiteElo "2520"]
[BlackElo "2387"]
[TimeControl "180+1"]
[EndTime "9:56:52 PDT"]
[Termination "Viacheslav92 won on time"]

1. e4 c5 2. c3 e6 3. d4 d5 4. e5 Nc6 5. Nf3 Nge7 6. Bd3 cxd4 7. cxd4 Nf5 8. Bxf5 exf5 9. O-O Be6 10. Nc3 Be7 11. Ne2 g5 12. a3 f4 13. b4 h5 14. Nc3 h4 15. Nb5 g4 16. Ne1 Bg5 17. Nd3 g3 18. Bxf4 gxh2+ 19. Kh1 h3 20. g3 Be7 21. Nd6+ Kf8 22. Nc5 Bxd6 23. exd6 Bf5 24. Nxb7 Qf6 25. Nc5 Nxd4 26. f3 Nb5 27. Qxd5 Rd8 28. Be5 Qh6 29.
Bxh8 1-0

[Event "Early-Titled-Tuesday-Blitz-May-28-2024"]
[Site "Chess.com"]
[Date "2024.05.28"]
[Round "10"]
[White "Mikhail_Golubev"]
[Black "PeshkaCh"]
[Result "0-1"]
[WhiteElo "2630"]
[BlackElo "2855"]
[TimeControl "180+1"]
[EndTime "9:56:54 PDT"]
[Termination "PeshkaCh won by resignation"]

1. e4 e5 2. Nf3 Nc6 3. Bc4 Bc5 4. c3 Nf6 5. d3 d6 6. Nbd2 a5 7. O-O h6 8. Bb5 Bd7 9. a4 Ba7 10. Nc4 O-O 11. h3 Ne7 12. Bxd7 Qxd7 13. Re1 Ng6 14. d4 exd4 15. cxd4 Rfe8 16. e5 dxe5 17. dxe5 Qxd1 18. Rxd1 Ne4 19. Rf1 Rad8 20. Bd2 Nxd2 21. Nfxd2 Nxe5 22. Nxe5 Rxd2 23. Nc4 Rc2 24. Rac1 Bxf2+ 25. Kh2 Rxc1 26. Rxc1 Be1 27. b3 Bb4 28. Rd1 c6 29. Rd7 b5 30.
axb5 cxb5 31. Nb6 Re3 32. Nd5 Rxb3 0-1

[Event "Early-Titled-Tuesday-Blitz-May-28-2024"]
[Site "Chess.com"]
[Date "2024.05.28"]
[Round "10"]
[White "RianKapriaga"]
[Black "guillembaches"]
[Result "1/2-1/2"]
[WhiteElo "2334"]
[BlackElo "2496"]
[TimeControl "180+1"]
[EndTime "9:56:54 PDT"]
[Termination "Game drawn by repetition"]

1. d4 d5 2. Bf4 e6 3. e3 Bd6 4.
Bg3 Nf6 5. Nd2 c5 6. c3 Qc7 7. Ngf3 Nbd7 8. Bb5 O-O 9. Bxd7 Nxd7 10. Bxd6 Qxd6 11.
O-O e5 12. e4 cxd4 13. cxd4 exd4 14. Nxd4 Nf6 15. Re1 Qb6 16. N4b3 Bg4 17. Qb1 dxe4 18. Nxe4 Bf5 19. Nxf6+ Qxf6 20. Qd1 Qxb2 21. Qf3 Be6 22. Qxb7 Rab8 23. Qxa7 Bxb3 24. axb3 Qxb3 25. h4 Qb6 26. Qxb6 Rxb6 27. Ra7 h5 28. Re5 g6 29. Ree7 Kg7 30. Kh2 Rb3 31. f3 Rb4 32. Kg3 Rc4 33. Rac7 Rxc7 34. Rxc7 Ra8 35. Kf4 Ra4+ 36. Kg3 Ra8 37. Rb7 Ra4 38. Rc7 Rb4 39. Ra7 Rc4 40. Rb7 Ra4 41.
Rc7 1/2-1/2

[Event "Early-Titled-Tuesday-Blitz-May-28-2024"]
[Site "Chess.com"]
[Date "2024.05.28"]
[Round "10"]
[White "Pasmendjambvirgulptipon98"]
[Black "linesman39"]
[Result "1-0"]
[WhiteElo "2364"]
[BlackElo "2263"]
[TimeControl "180+1"]
[EndTime "9:56:56 PDT"]
[Termination "Pasmendjambvirgulptipon98 won by resignation"]

1. c4 e5 2. Nc3 Nf6 3. Nf3 Nc6 4. e3 e4 5. Ng5 d5 6. cxd5 Nxd5 7. Nxf7 Kxf7 8.
Qh5+ g6 9. Qxd5+ Be6 10. Qxe4 Bg7 11. Bc4 Re8 12. O-O Ne5 13. Bxe6+ Rxe6 14. d4 Nc6 15. Qf3+ Rf6 16. Qg3 Kg8 17. Bd2 Qd7 18. Ne4 Rf5 19. Nc5 Rxc5 20. dxc5 Qxd2 21. Qxc7 Qb4 22. Rad1 Be5 23.
Qd7 Qxc5 24. Qe6+ Kh8 25. Rd5 1-0

[Event "Early-Titled-Tuesday-Blitz-May-28-2024"]
[Site "Chess.com"]
[Date "2024.05.28"]
[Round "10"]
[White "dinushkipremanath"]
[Black "Dexter_Dyke"]
[Result "1-0"]
[WhiteElo "2342"]
[BlackElo "2433"]
[TimeControl "180+1"]
[EndTime "9:56:57 PDT"]
[Termination "dinushkipremanath won on time"]

1. d4 Nf6 2. Nf3 c5 3. Bf4 cxd4 4. Qxd4 Nc6 5. Qd1 Qb6 6. b3 g6 7. Nc3 Bg7 8. Nb1 Ng4 9. e3 Bxa1 10. h3 Qa5+ 11. Nbd2 Nf6 12. Qxa1 Nb4 13. Qc3 O-O 14.
Be2 Nfd5 15. Qe5 Nxc2+ 16. Kf1 d6 17. Qb2 Nxf4 18. exf4 Nb4 19. a3 Nc6 20. Nc4 Qd5 21. Ne3 Qe4 22. g3 d5 23. Rh2 d4 24. Ng5 Bf5 25.
Nxe4 Bxe4 26. Nc4 d3 27. Bd1 Rad8 28. f3 Bd5 29. Ne3 Be6 30. g4 f5 31. g5 Nd4 32. h4 Rc8 33. Qxd4 Rfd8 34. Qe5 Bf7 35. h5 gxh5 36. Nxf5 Kf8 37. Qh8+ Bg8 38. Qg7+ 1-0

[Event "Early-Titled-Tuesday-Blitz-May-28-2024"]
[Site "Chess.com"]
[Date "2024.05.28"]
[Round "10"]
[White "Actuary44"]
[Black "Yan_Dyomin2010"]
[Result "1-0"]
[WhiteElo "2483"]
[BlackElo "2581"]
[TimeControl "180+1"]
[EndTime "9:57:00 PDT"]
[Termination "Actuary44 won by resignation"]

1. e4 c5 2. d4 cxd4 3. c3 Nf6 4. Bd3 dxc3 5. Nxc3 Nc6 6. f4 d6 7. Nf3 g6 8. O-O Bg7 9. Kh1 O-O 10. Qe1 Bg4 11. Be3 Bxf3 12. Rxf3 a6 13. Rd1 Qa5 14. Rh3 Rac8 15.
Qh4 h5 16. Be2 Qb4 17. f5 Qxb2 18. Bc1 Qb4 19. fxg6 fxg6 20. Qg5 Ne5 21. Nd5 Nxd5 22. exd5 Qe4 23. Re3 Qf5 24. Qxe7 Bh6 25. Rxe5 dxe5 26. Bxh6 Rf7 27. Qe6 Qxe6 28. dxe6 Re7 29. Bf3 Kh7 30. Bg5 Rxe6 31. Rd7+ Kg8 32. Bd5 1-0

[Event "Early-Titled-Tuesday-Blitz-May-28-2024"]
[Site "Chess.com"]
[Date "2024.05.28"]
[Round "10"]
[White "LLariMarc"]
[Black "Keithonsky"]
[Result "1-0"]
[WhiteElo "2521"]
[BlackElo "2617"]
[TimeControl "180+1"]
[EndTime "9:57:04 PDT"]
[Termination "LLariMarc won by resignation"]

1. d4 Nf6 2. Nf3 c5 3. d5 d6 4.
c4 e6 5. Nc3 exd5 6. cxd5 a6 7.
a4 g6 8. Nd2 Bg7 9. Nc4 O-O 10.
Bf4 Ne8 11. e4 Qc7 12. Be2 Nd7 13. O-O Rb8 14. a5 Ne5 15. Nb6 Nd7 16. Nxc8 Qxc8 17. Qa4 b5 18. axb6 Rxb6 19. Bxa6 Qd8 20. Bb5 Ne5 21. Qa7 Qb8 22. Qxb8 Rxb8 23. Ra7 Rb6 24. Rfa1 h6 25. f3 f5 26. Re7 Rb8 27. Raa7 Bf6 28.
Re6 g5 29. Bxe5 Bxe5 30. Rg6+ Ng7 31. exf5 Rxf5 32. Bd7 Rf4 33. Rxh6 Bd4+ 34. Kf1 Rxb2 35. Ne4 g4 36. Ng5 Rf2+ 37. Ke1 Rxg2 38. Ra8+ Rf8 39. Rh8+ 1-0

[Event "Early-Titled-Tuesday-Blitz-May-28-2024"]
[Site "Chess.com"]
[Date "2024.05.28"]
[Round "10"]
[White "campochess"]
[Black "andbluesky"]
[Result "1-0"]
[WhiteElo "2119"]
[BlackElo "1671"]
[TimeControl "180+1"]
[EndTime "9:57:05 PDT"]
[Termination "campochess won by resignation"]

1. d4 Nf6 2. Bg5 Ne4 3. Bf4 c5 4. d5 Qa5+ 5. c3 c4 6. f3 Nc5 7. Nd2 b5 8. b4 cxb3 9. axb3 Qb6 10. e4 d6 11. b4 Na4 12. Bxb5+ Qxb5 13. Qxa4 Bd7 14. Qxb5 Bxb5 15. Ne2 Nd7 16. Nd4 Bd3 17. Kf2 h6 18. Ke3 g5 19. Bg3 Ne5 20. Bxe5 dxe5 21.
Nf5 Bb5 22. c4 Bd7 23. Ng3 e6 24. Rhb1 f5 25. Kd3 f4 26. Ne2 Kf7 27. Nc3 Bg7 28.
Ra5 h5 29. Rba1 g4 30. Rxa7 Rxa7 31. Rxa7 Ke7 32. dxe6 Kxe6 33. Nd5 gxf3 34. gxf3 Bh6 35. Nb3 Bf8 36. Nb6 Bc6 37. Na5 Be8 38. Nd5 Bf7 39. Nc6 Bd6 40. c5 Bb8 41. Rb7 1-0

[Event "Early-Titled-Tuesday-Blitz-May-28-2024"]
[Site "Chess.com"]
[Date "2024.05.28"]
[Round "10"]
[White "Oleksandr_Bortnyk"]
[Black "atbenina64"]
[Result "1-0"]
[WhiteElo "3013"]
[BlackElo "2792"]
[TimeControl "180+1"]
[EndTime "9:57:06 PDT"]
[Termination "Oleksandr_Bortnyk won by resignation"]

1. e4 c5 2. c3 Nf6 3. e5 Nd5 4. d4 cxd4 5. Nf3 d6 6. cxd4 Nc6 7. Bc4 Nb6 8. Bb5 Bd7 9. Nc3 dxe5 10. d5 Nb4 11. Bxd7+ Qxd7 12. O-O f6 13. Nxe5 fxe5 14. Qh5+ g6 15. Qxe5 Rg8 16. Ne4 Bg7 17. Qg3 Qxd5 18.
Re1 Nc2 19. Bh6 Nxe1 20. Rxe1 Rd8 21. h4 Qa5 22. Bd2 Rxd2 23. Qb8+ Kf7 24. Qf4+ Bf6 25.
Ng5+ Kg7 26. Rxe7+ 1-0

[Event "Early-Titled-Tuesday-Blitz-May-28-2024"]
[Site "Chess.com"]
[Date "2024.05.28"]
[Round "10"]
[White "guineo59"]
[Black "ccccvhhhj"]
[Result "1-0"]
[WhiteElo "2353"]
[BlackElo "2453"]
[TimeControl "180+1"]
[EndTime "9:57:08 PDT"]
[Termination "guineo59 won by resignation"]

1. d4 e5 2. dxe5 d6 3. Nf3 Bg4 4. Bg5 Qd7 5. Nbd2 Nc6 6. e3 h6 7. Bh4 g5 8. Bg3 O-O-O 9. exd6 Bxd6 10. Bxd6 Qxd6 11. Be2 Nge7 12. c3 Bf5 13. Nd4 Nxd4 14. cxd4 Ng6 15. Qa4 Kb8 16. Rc1 Nh4 17. g3 Ng6 18. Bf3 g4 19. Bg2 Rhe8 20. O-O h5 21. Nc4 Qe7 22. Na5 Be4 23. Nxb7 Bxg2 24. Nxd8 Rxd8 25.
Kxg2 h4 26. Qb5+ Ka8 27. Qc6+ Kb8 28. Rc5 h3+ 29. Kg1 Rd6 30. Rb5+ Kc8 31. Qb7+ Kd7 32. Rc1 Ke8 33. Rxc7 Qe6 34. Rc8+ Rd8 35. Rxd8+ Kxd8 36. Qb8+ Ke7 37. Qxa7+ Kf6 38. Rb6 Nf8 39. Rxe6+ Nxe6 40. Qb7 Ng5 41. a4 Nf3+ 42. Qxf3+ gxf3 43. a5 Ke6 44.
a6 Kd6 45. a7 1-0

[Event "Early-Titled-Tuesday-Blitz-May-28-2024"]
[Site "Chess.com"]
[Date "2024.05.28"]
[Round "10"]
[White "juancruzarias"]
[Black "xakevicius91"]
[Result "1-0"]
[WhiteElo "2685"]
[BlackElo "2521"]
[TimeControl "180+1"]
[EndTime "9:57:12 PDT"]
[Termination "juancruzarias won by resignation"]

1. d4 Nf6 2. c4 e6 3. g3 c5 4. Nf3 cxd4 5. Nxd4 d5 6. Bg2 e5 7.
Nb5 a6 8. N5a3 d4 9. O-O Nc6 10. e3 Bc5 11. exd4 Bxd4 12. Nc3 Be6 13. Bg5 h6 14.
Bxf6 Qxf6 15. Nd5 Qd8 16. Nc2 O-O 17. Rb1 Rc8 18. Nce3 b5 19. b3 Ne7 20. Re1 Bxd5 21.
Nxd5 Nxd5 22. Bxd5 Qb6 23. Kg2 Rcd8 24. Qh5 Rd6 25.
Re2 Rf6 26. f3 Rd8 27. Rd1 Qc5 28. Qg4 Qb6 29. Qe4 bxc4 30. Bxc4 a5 31. Rc2 Rc6 32.
Bxf7+ Kxf7 33. Rxc6 Qb5 34. Rc7+ Kg8 35. Rd2 Rd7 36.
Rc8+ Kf7 37. Qf5+ Ke7 38. Qf8+ Ke6 39. Qe8+ Kd6 40. Rd8 Qc6 41. Qxd7+ Qxd7 42. Rxd7+ Kxd7 43. Kf1 Kc6 44. Ke2 Kc5 45. Kd3 Kd5 46. Rc2 1-0

[Event "Early-Titled-Tuesday-Blitz-May-28-2024"]
[Site "Chess.com"]
[Date "2024.05.28"]
[Round "10"]
[White "Herzog2012"]
[Black "maracayo"]
[Result "1-0"]
[WhiteElo "2580"]
[BlackElo "2400"]
[TimeControl "180+1"]
[EndTime "9:57:12 PDT"]
[Termination "Herzog2012 won by resignation"]

1. e4 d6 2. d4 Nf6 3. Nc3 c6 4.
a4 Qa5 5. Bd2 e5 6. Nge2 Nbd7 7.
g3 Qc7 8. Bg2 Be7 9. h3 O-O 10. O-O b6 11. Be3 Bb7 12. g4 h6 13.
Ng3 Rfe8 14. Nf5 Bf8 15. f4 a6 16. g5 hxg5 17. fxg5 Nh7 18. Qh5 g6 19. Nh6+ Bxh6 20. Qxh6 Ndf8 21. h4 c5 22. d5 Bc8 23. Rf2 Bg4 24. Raf1 Re7 25. Ne2 b5 26. Ng3 bxa4 27. h5 Bxh5 28. Nxh5 gxh5 29. Bh3 Ng6 30. Bf5 Nhf8 31.
Qxh5 Ra7 32. Rh2 a3 33. Bxg6 Nxg6 34. Qh7+ Kf8 35. Qxg6 1-0

[Event "Early-Titled-Tuesday-Blitz-May-28-2024"]
[Site "Chess.com"]
[Date "2024.05.28"]
[Round "10"]
[White "Alexchess1984"]
[Black "janhelmer03"]
[Result "1-0"]
[WhiteElo "2592"]
[BlackElo "2392"]
[TimeControl "180+1"]
[EndTime "9:57:14 PDT"]
[Termination "Alexchess1984 won by checkmate"]

1. d4 d5 2. Bf4 Nf6 3. e3 c5 4. Nf3 cxd4 5. exd4 Nc6 6. c3 e6 7. Nbd2 Bd6 8. Bg3 O-O 9. Bd3 h6 10. Ne5 Qc7 11. Ndf3 Nd7 12. Qe2 Ndxe5 13. dxe5 Be7 14.
O-O Bd7 15. Rac1 Na5 16. Bb1 Qc4 17. Qc2 g6 18. h4 Qg4 19. Rcd1 Nc6 20. Qd2 Kg7 21.
Bd3 a6 22. Be2 Qa4 23. b3 Qa5 24. Bd3 Rac8 25. Bf4 Rh8 26. Rfe1 Na7 27. Rc1 Nb5 28. b4 Qa3 29. h5 g5 30. Nxg5 hxg5 31. Bxg5 Bxg5 32.
Qxg5+ Kf8 33. h6 Ke8 34. h7 Nxc3 35. Qg8+ Ke7 36. Qg5+ Ke8 37. Qg7 Ke7 38. Qf6+ Ke8 39. Qxh8+ Ke7 40. Qf6+ Ke8 41. h8=Q# 1-0

[Event "Early-Titled-Tuesday-Blitz-May-28-2024"]
[Site "Chess.com"]
[Date "2024.05.28"]
[Round "10"]
[White "klercaku"]
[Black "Nekoo04"]
[Result "1-0"]
[WhiteElo "2298"]
[BlackElo "2413"]
[TimeControl "180+1"]
[EndTime "9:57:15 PDT"]
[Termination "klercaku won by resignation"]

1. e4 c5 2. Nf3 d6 3. d4 cxd4 4. Nxd4 Nf6 5. Nc3 Nc6 6. Be2 g6 7. Be3 Bg7 8. O-O O-O 9. Qd2 Ng4 10. Bxg4 Bxg4 11. h3 Bd7 12. f4 Rc8 13. Rad1 a6 14. f5 b5 15. a3 Ne5 16. b3 Nc6 17.
Rf2 Nxd4 18. Bxd4 Bxd4 19. Qxd4 Bc6 20. Ne2 Bb7 21. Nf4 Qc7 22. f6 e5 23. Qe3 exf4 24. Qxf4 Qc5 25. Qh6 1-0

[Event "Early-Titled-Tuesday-Blitz-May-28-2024"]
[Site "Chess.com"]
[Date "2024.05.28"]
[Round "10"]
[White "Aguiar94"]
[Black "JAN2404"]
[Result "1-0"]
[WhiteElo "2672"]
[BlackElo "1966"]
[TimeControl "180+1"]
[EndTime "9:57:18 PDT"]
[Termination "Aguiar94 won by resignation"]

1. e4 c5 2. Nf3 d6 3. d4 cxd4 4. Qxd4 Nc6 5. Bb5 Bd7 6. Bxc6 bxc6 7. O-O e5 8. Qd3 Nf6 9. c4 Be7 10. Nc3 O-O 11. h3 Nh5 12. Rd1 Be6 13. b3 f5 14.
Ba3 Nf4 15. Qe3 Qa5 16. Bb2 Rab8 17. Rd2 Rf6 18. Kh2 Rbf8 19. c5 Rg6 20. Rg1 Qc7 21.
cxd6 Bxd6 22. exf5 Bxf5 23. Ne4 Nd5 24. Qe2 Rh6 25.
Nxd6 Qxd6 26. Qxe5 Qg6 27. Qg3 Bg4 28. Ne5 Qh5 29. Nxg4 Rg6 30. Re1 Nf4 31. Re5 Kh8 1-0

[Event "Early-Titled-Tuesday-Blitz-May-28-2024"]
[Site "Chess.com"]
[Date "2024.05.28"]
[Round "10"]
[White "Dewarfd"]
[Black "chess_sharparchitect"]
[Result "0-1"]
[WhiteElo "2135"]
[BlackElo "2363"]
[TimeControl "180+1"]
[EndTime "9:57:21 PDT"]
[Termination "chess_sharparchitect won on time"]

1. d4 Nf6 2. e3 d5 3. Nf3 Bf5 4. Bd3 Be4 5. Bxe4 Nxe4 6. Nc3 Nxc3 7. bxc3 e6 8. Qd3 Nd7 9. O-O Nb6 10. a4 a5 11. e4 dxe4 12. Qxe4 Qd5 13. Qg4 g6 14. Qf4 Bd6 15. Qf6 Rf8 16. Ne5 Bxe5 17. dxe5 Nd7 18.
Qh4 Qxe5 19. Ba3 c5 20. Rab1 b6 21. c4 Qf6 22. Qe4 Rc8 23. Bb2 Qf5 24. Qb7 Rb8 0-1

[Event "Early-Titled-Tuesday-Blitz-May-28-2024"]
[Site "Chess.com"]
[Date "2024.05.28"]
[Round "10"]
[White "unbreakablepawn35"]
[Black "lluiss"]
[Result "1-0"]
[WhiteElo "2355"]
[BlackElo "2167"]
[TimeControl "180+1"]
[EndTime "9:57:21 PDT"]
[Termination "unbreakablepawn35 won by resignation"]

1. c4 Nf6 2. Nc3 d5 3. cxd5 Nxd5 4. e4 Nxc3 5. dxc3 Qxd1+ 6. Kxd1 Be6 7. Be3 f6 8. f3 Bf7 9. Kc2 Nd7 10. Ne2 e5 11. Rd1 O-O-O 12. Nc1 a6 13. Be2 Be6 14. Nb3 Rg8 15.
h4 Bxb3+ 16. Kxb3 Bc5 17. Bc1 Nb6 18. Kc2 Rxd1 19. Rxd1 a5 20. h5 h6 21. b3 Rd8 22.
Rxd8+ Kxd8 23. Kd3 Ke7 24. a3 Bd6 25. b4 axb4 26.
axb4 c5 27. b5 Nd7 28. Kc4 Nb6+ 29. Kb3 c4+ 30. Bxc4 Nxc4 31. Kxc4 Ke6 32. Be3 f5 33. exf5+ Kxf5 34. Kd5 Bc7 35. c4 g6 36. g4+ Kf6 37.
hxg6 Kxg6 38. c5 h5 39. gxh5+ Kxh5 40. c6 bxc6+ 41. Kxc6 Bb8 42. Bc5 Kh4 43. Kb7 e4 1-0

[Event "Early-Titled-Tuesday-Blitz-May-28-2024"]
[Site "Chess.com"]
[Date "2024.05.28"]
[Round "10"]
[White "twofoxniel"]
[Black "Alex_Sahakyan2006"]
[Result "1-0"]
[WhiteElo "2724"]
[BlackElo "2826"]
[TimeControl "180+1"]
[EndTime "9:57:23 PDT"]
[Termination "twofoxniel won by resignation"]

1. e4 c5 2. c3 b6 3. d4 Bb7 4. Nd2 Nf6 5. Bd3 cxd4 6. cxd4 Nc6 7. Ngf3 Nb4 8. Bb1 Ba6 9. Nb3 Rc8 10. a3 Bc4 11.
Be3 Nc6 12. Nbd2 Ba6 13. Ba2 e6 14. d5 Ne7 15. dxe6 fxe6 16. Bxe6 Nc6 17. Ba2 Bc5 18.
Qa4 Bxe3 19. Qxa6 Bxf2+ 20. Kxf2 Ng4+ 21. Ke2 Rf8 22. Qb5 g6 23. Rhf1 Qe7 24. Rac1 Rxf3 25.
gxf3 Nd4+ 26. Kd3 Nxb5 27. Rxc8+ 1-0